 Dungeon Crawl Stone Soup version 0.15-a0-462-gf669498 (webtiles) character file.

334 4tharraofdagon the Digger (level 5, 0/28 HPs)
             Began as a Deep Elf Earth Elementalist on May 6, 2014.
             Succumbed to kobold's curare-tipped needle
             ... on Level 4 of the Dungeon.
             The game lasted 00:05:18 (634 turns).

4tharraofdagon the Digger (DEEE)                     Turns: 634, Time: 00:05:18

HP   0/28        AC  2     Str  5      XL: 5   Next: 88%
MP  14/19        EV 18     Int 21      God:
Gold 84          SH  0     Dex 20      Spells:  3 memorised,  5 levels left

rFire  . . .     SeeInvis .     b - 4 stones
rCold  . . .     Clarity  .     c - +0 robe
rNeg   . . .     Conserve .     (no shield)
rPois  .         rCorr    .     (no helmet)
rElec  .         rRot     .     (no cloak)
SustAb . .       Spirit   .     (no gloves)
rMut   .         Warding  .     (no boots)
Saprov . . .     Stasis   .     j - amulet of rage
MR     .....                    (no ring)
                                (no ring)

@: agile, lethally poisoned, slowed, very slow, not resistant to hostile
enchantments, fairly stealthy
A: no striking features
a: Evoke Berserk Rage


You were on level 4 of the Dungeon.
You were not hungry.

You visited 1 branch of the dungeon, and saw 4 of its levels.

You collected 84 gold pieces.

Inventory:

Hand weapons
 e - a +0,+1 dagger of protection
Missiles
 b - 4 stones (in hand)
 i - a curare-tipped needle
Armour
 c - a +0 robe (worn)
Magical devices
 r - a wand of flame (0)
Comestibles
 a - a bread ration
 n - a lychee
Scrolls
 f - 2 scrolls of blinking {unknown}
 g - a scroll of teleportation {unknown}
 h - 2 scrolls of fog {unknown}
 k - a scroll of fear {unknown}
 l - a scroll of noise {unknown}
 m - a scroll of random uselessness {unknown}
 p - a scroll of immolation {unknown}
 q - a scroll of amnesia {unknown}
 s - a scroll of enchant armour {unknown}
Jewellery
 j - an amulet of rage (around neck)
Books
 d - a book of Geomancy

   Spells                             Type                      Level
   *Sandblast                         Earth                        1
   Stoneskin                          Transmutation/Earth          2
   Passwall                           Transmutation/Earth          3
   *Stone Arrow                       Conjuration/Earth            3
   Petrify                            Transmutation/Earth          4
   *Lee's Rapid Deconstruction        Earth                        5


   Skills:
 - Level 2.4 Dodging
 - Level 2.4 Stealth
 + Level 5.4 Spellcasting
   Level 1.1 Transmutations
 * Level 6.2 Earth Magic


You had 5 spell levels left.
You knew the following spells:

 Your Spells              Type           Power        Failure   Level  Hunger
a - Sandblast             Erth           ####..       1%          1    None
b - Stone Arrow           Conj/Erth      ###...       12%         3    ##.....
c - Lee's Rapid Deconstr  Erth           ####......   24%         5    #####..


Dungeon Overview and Level Annotations

Branches:
Dungeon (4/15)
 Temple: D:4-7

Altars:

Annotations:
D:2 Terence


Message History

You feel sick.
* * * LOW HITPOINT WARNING * * *
You feel sick.
You see here a curare-tipped needle.
i - a curare-tipped needle An orc wizard comes into view.
It is wielding a dagger.
* * * LOW HITPOINT WARNING * * *
You feel sick.
Unknown command.
You have got your breath back.
Unknown command.
Unknown command.
* * * LOW HITPOINT WARNING * * *
You feel sick.
Unknown command.
Unknown command.
Unknown command.
Unknown command.
Unknown command.
You die...

##### ....#
########### ###.#
#.@.......# #.#
#.#######.# #.#
#.### #.# #.#..
#.# #.#.# #.#
#.#.#
#.###########.#.#
#.>..........(#.##
#######.......%.)#


There were no monsters in sight!

Vanquished Creatures
  Sigmund (D:2)
  2 orc priests (D:3)
  A giant frog skeleton (D:4)
  An iguana (D:4)
  3 adders (D:3)
  2 worms
  A giant eyeball (D:4)
  A giant gecko (D:1)
  3 orcs (D:3)
  2 giant cockroaches
  4 hobgoblins
  4 jackals (D:2)
  3 giant newts
  A goblin (D:1)
  3 kobolds
  A rat (D:2)
33 creatures vanquished.

Notes
Turn   | Place    | Note
--------------------------------------------------------------
     0 | D:1      | 4tharraofdagon, the Deep Elf Earth Elementalist, began the quest for the Orb.
     0 | D:1      | Reached XP level 1. HP: 10/10 MP: 5/5
    36 | D:2      | Reached XP level 2. HP: 15/15 MP: 1/8
   106 | D:2      | Noticed Sigmund
   228 | D:2      | Noticed Terence
   255 | D:3      | Reached skill level 4 in Earth Magic
   303 | D:2      | Reached XP level 3. HP: 13/19 MP: 11/11
   360 | D:2      | Killed Sigmund
   360 | D:2      | Reached skill level 5 in Earth Magic
   360 | D:2      | Reached XP level 4. HP: 16/24 MP: 8/15
   449 | D:3      | Learned a level 3 spell: Stone Arrow
   453 | D:3      | Reached XP level 5. HP: 26/28 MP: 11/18
   459 | D:3      | Reached skill level 5 in Spellcasting
   590 | D:4      | Paralysed by a giant eyeball for 4 turns
   612 | D:4      | Learned a level 5 spell: Lee's Rapid Deconstruction
   619 | D:4      | Reached skill level 6 in Earth Magic
   631 | D:4      | HP: 1/28 [poisoned by kobold (curare-tipped needle)]
   634 | D:4      | Succumbed to kobold's curare-tipped needle

Action                   |  1- 3 |  4- 6 || total
-------------------------+-------+-------++-------
Melee: Dagger            |    31 |    18 ||    49
 Cast: Sandblast         |    19 |    22 ||    41
       Stone Arrow       |       |     2 ||     2
       Lee's Rapid Decon |       |     1 ||     1
Evoke: Wand              |       |     4 ||     4
  Use: Potion            |     1 |     3 ||     4
 Stab: Sleeping          |     1 |     1 ||     2

Vault maps used:
D:1:      minmay_arrival_split_and_join
D:2:      uniq_sigmund, uniq_terence
D:4:      first_bread, uniq_iyjb
